 Dungeon Crawl Stone Soup version 0.32-a0-931-g5a2cda0630 (webtiles) character file.

Game seed: 18131048378107938702

1229 Meejax the Slasher (level 8, -1/60 HPs)
             Began as a Demonspawn Gladiator on Apr 13, 2024.
             Was a Believer of Beogh.
             Succumbed to a water moccasin's poison
             ... on level 5 of the Dungeon.
             The game lasted 00:09:05 (3899 turns).

Meejax the Slasher (Demonspawn Gladiator)           Turns: 3899, Time: 00:09:08

Health: -1/60      AC: 12    Str: 17 (18) XL:     8   Next: 24%
Magic:  2/11       EV: 11    Int:  3 (6)  God:    Beogh [**....]
Gold:   332        SH:  0    Dex: 15 (16) Spells: 7/7 levels left

rFire   + . .        a - +0 long sword
rCold   . . .        (no shield)
rNeg    . . .        n - +0 ring mail
rPois   .            c - +0 helmet
rElec   .            (no cloak)
rCorr   .            f - +0 pair of gloves
SInv    .            (no boots)
Will    .....        (no amulet)
Stlth   +            l - ring of protection from fire
HPRegen 0.30/turn    (no ring)
MPRegen 0.12/turn

%: no passive effects
@: lethally poisoned (-1 -> -6)
A: slimy green scales 2, powered by pain 2, spiny 2, dopey 1, shaggy fur 1,
strong 1
a: Renounce Religion, Smiting


You were on level 5 of the Dungeon.
You worshipped Beogh.
Beogh was pleased with you.
You visited 1 branch of the dungeon, and saw 5 of its levels.
You also visited: Sewer.

You collected 332 gold pieces.

Inventory:

Hand Weapons
 a - a +0 long sword (weapon)
Missiles
 d - a throwing net (quivered)
 e - a javelin
Armour
 b - a +0 leather armour
 c - a +0 helmet (worn)
 f - a +0 pair of gloves (worn)
 n - a +0 ring mail (worn)
Jewellery
 l - a ring of protection from fire (left hand)
 q - an amulet of faith
Wands
 k - a wand of quicksilver (10)
Scrolls
 h - 4 scrolls of teleportation
 i - 3 scrolls of identify
Potions
 o - 4 potions of enlightenment


   Skills:
 + Level 4.2 Fighting
 + Level 5.9 Long Blades
 - Level 2.0 Throwing
 + Level 3.6 Armour
 + Level 4.3 Dodging
 + Level 0.3 Stealth
 * Level 5.1 Invocations


You had 7 spell levels left.
You didn't know any spells.
Your spell library was empty.

Dungeon Overview and Level Annotations

Branches:
Dungeon (5/15)              Sewer (visited)
 Temple: D:4-7

Altars:

Shops:
D:5 *


Innate Abilities, Weirdness & Mutations

Your facial features look somewhat orcish.
You are mostly covered in slimy green scales. (AC +3)
You sometimes gain power by taking damage.
You are mostly covered in sharp spines.
You are dopey. (Int -2)
You are covered in fur. (AC +1)
Your muscles are strong. (Str +4, Int/Dex -1)


Message History

You feel magically purged.
You feel a little less mighty now.
Your hearing returns.
* * * LOW HITPOINT WARNING * * *
You feel very sick.
The water moccasin is struck by your spines.
The water moccasin barely misses you.
An ufetubus comes into view.
Ijyb is struck by your spines.
You kill Ijyb!
Beogh accepts your kill. The water moccasin misses you.
Okay, then.
Okay, then.
Aiming: Smiting
Press: ? - help, Dir - move target, f - water moccasin Smite: a water moccasin (almost dead)
You smite the water moccasin!!
You kill the water moccasin!
Beogh accepts your kill.
* * * LOW HITPOINT WARNING * * *
You feel very sick.
The ufetubus hits you but does no damage. x2
You feel your strength returning.
Your Invocations skill increases to level 5!
Aiming: Smiting
Press: ? - help, Dir - move target, f - ufetubus Smite: an ufetubus You smite the ufetubus!!
You kill the ufetubus!
Beogh accepts your kill.
* * * LOW HITPOINT WARNING * * *
You feel sick.
A lemure comes into view.
Aiming: Smiting
Press: ? - help, Dir - move target, f - iguana Smite: an iguana You smite the iguana!!
You kill the iguana!
Beogh accepts your kill.
You die...

#.#..... .
#.#.#.##...
#.........#.#
###.#.......#
#..........#.#
#.##.........#
#.##..........
#........#....
#@†.5.....#...
##)...#.......
####5††......
#..†..>...
#.M.......#.
#.#.........
.............
#.#.#........#
#.#...#$.....#


You could see a lemure and an ufetubus.

Vanquished Creatures
  2 water moccasins (D:5)
  Menkaure (D:5)
  2 crocodiles (Sewer)
  3 phantoms
  A scorpion (D:5)
  A bombardier beetle (D:4)
  2 hounds
  A jelly (D:4)
  An orc priest (D:3)
  Ijyb (D:5)
  3 iguanas (D:5)
  A sickly merfolk siren (Sewer)
  A malarious merfolk avatar (Sewer)
  7 adders
  A river rat (Sewer)
  An ufetubus (D:5)
  3 dart slugs
  2 ribbon worms (D:4)
  9 orcs
  9 endoplasms
  6 giant cockroaches
  4 goblins
  9 hobgoblins
  9 jackals
  3 kobolds
  5 quokkas
  10 ball pythons
  4 bats
  8 frilled lizards
  24 rats
134 creatures vanquished.

Notes
Turn   | Place    | Note
-------+----------+-------------------------------------------
     0 | D:1      | Meejax the Demonspawn Gladiator began the quest for the
                  | Orb.
     0 | D:1      | Reached XP level 1. HP: 16/16 MP: 1/1
   255 | D:1      | Gained mutation: You are partially covered in sharp spines.
                  | [demonic ancestry]
   255 | D:1      | Reached XP level 2. HP: 22/22 MP: 2/2
   728 | D:2      | Gained mutation: You sometimes gain a little power by
                  | taking damage. [demonic ancestry]
   728 | D:2      | Reached XP level 3. HP: 21/28 MP: 3/3
  1417 | D:2      | Became a worshipper of Beogh the Shepherd
  1479 | D:3      | Reached skill level 1 in Armour
  1552 | D:3      | Gained mutation: You sometimes gain power by taking damage.
                  | [demonic ancestry]
  1552 | D:3      | Reached XP level 4. HP: 33/34 MP: 4/4
  1712 | D:3      | Found a glowing drain.
  1718 | Sewer    | Entered a sewer
  1914 | Sewer    | Reached * piety under Beogh
  2065 | Sewer    | Gained mutation: You are partially covered in slimy green
                  | scales. (AC +2) [demonic ancestry]
  2065 | Sewer    | Reached XP level 5. HP: 40/40 MP: 5/5
  2087 | Sewer    | Noticed a crocodile
  2091 | Sewer    | Noticed a crocodile
  2099 | Sewer    | Killed a crocodile
  2100 | Sewer    | Reached skill level 1 in Invocations
  2316 | Sewer    | Killed a crocodile
  2317 | Sewer    | Reached XP level 6. HP: 12/47 MP: 7/7
  2654 | D:3      | Reached ** piety under Beogh
  2714 | D:3      | Identified the +0 robe of Greed {rElec}
  3232 | D:4      | Gained mutation: You are mostly covered in slimy green
                  | scales. (AC +3) [demonic ancestry]
  3232 | D:4      | Reached XP level 7. HP: 41/52 MP: 9/9
  3429 | D:4      | Reached skill level 5 in Long Blades
  3775 | D:5      | Entered Level 5 of the Dungeon
  3787 | D:5      | Found Kilobb's Gadget Gallery.
  3872 | D:5      | Noticed Menkaure
  3878 | D:5      | Noticed Ijyb
  3882 | D:5      | Gained mutation: You are dopey. (Int -2) [potion of
                  | mutation]
  3882 | D:5      | Gained mutation: Your muscles are strong. (Str +4, Int/Dex
                  | -1) [potion of mutation]
  3882 | D:5      | Gained mutation: You are covered in fur. (AC +1) [potion of
                  | mutation]
  3886 | D:5      | Killed Menkaure
  3887 | D:5      | Gained mutation: You are mostly covered in sharp spines.
                  | [demonic ancestry]
  3887 | D:5      | Reached XP level 8. HP: 16/60 MP: 11/11
  3896 | D:5      | Killed Ijyb
  3897 | D:5      | HP: 1/60 [poisoned by a water moccasin]
  3898 | D:5      | Reached skill level 5 in Invocations
  3899 | D:5      | Succumbed to a water moccasin's poison

Illustrated notes

Levels and vault maps discovered:
D:1:      amcnicky_arrival_double_pillar, layout_rooms
D:2:      layout_loops_ring, minivault_5, corner_web_ring
D:3:      layout_basic, gup_sewer_entry_spiral
D:4:      minmay_recursive_quarters, layout_cave_pools,
          nicolae_overflow_hidden_temple
D:5:      layout_basic, nicolae_shop_gadgets, uniq_menkaure, uniq_pikel,
          uniq_ijyb

Skill      XL: |  1  2  3  4  5  6  7  8 |
---------------+-------------------------+-----
Long Blades    | 3 4 5 |  5.9
Armour         | 1 2 3 |  3.6
Dodging        | 3 4 |  4.3
Fighting       | 3 4 |  4.2
Invocations    | 2 3 4 5 |  5.1
Throwing       | 2 |  2.0
Stealth        | |  0.3

Action                     |  1- 3 |  4- 6 |  7- 9 || total
---------------------------+-------+-------+-------++-------
  Melee: Long sword        |    90 |   137 |    87 ||   314
  Throw: Throwing net      |       |     3 |       ||     3
 Invoke: Convert to Beogh  |     1 |       |       ||     1
         Smiting           |       |     1 |     3 ||     4
    Use: Scroll            |       |     4 |     2 ||     6
         Potion            |       |     3 |     5 ||     8
 Armour: Leather armour    |    65 |    51 |       ||   116
         Ring mail         |       |    24 |    85 ||   109
  Dodge: Dodged            |    63 |    81 |    66 ||   210

Table legend: (Time is in decaauts)
 A = Elapsed time spent in this place.
 B = Non-inter-level travel time spent in this place.
 C = Inter-level travel time spent in this place.
 D = Time resting spent in this place.
 E = Time spent auto-exploring this place.
 F = Levels seen in this place.
 G = Mean time per level.
                   A        B        C        D        E       F      G
               +--------+--------+--------+--------+--------+-----+--------+
         Total |   4064 |   3974 |     90 |    273 |   2611 |   6 |  677.3 |
       Dungeon |   3093 |   3003 |     90 |     57 |   2145 |   5 |  618.6 |
         Sewer |    971 |    971 |      0 |    216 |    465 |   1 |  971.0 |
               +--------+--------+--------+--------+--------+-----+--------+

Top non-repeatable levels by time:
     D:2: 1007 daAuts
   Sewer: 971 daAuts
     D:3: 817 daAuts
     D:4: 658 daAuts
     D:1: 480 daAuts
     D:5: 130 daAuts
